 Dungeon Crawl Stone Soup version 0.30.0-11-gf55b779eaf (webtiles) character file.

Game seed: 4276568644842107771

78 Jackthecabe the Sneak (level 4, -8/26 HPs)
             Began as a Kobold Brigand on May 16, 2023.
             Mangled by a gnoll
             ... wielding a +0 flail
              (13 damage)
             ... on level 2 of the Dungeon.
             The game lasted 00:02:45 (1306 turns).

Jackthecabe the Sneak (Kobold Brigand)              Turns: 1306, Time: 00:02:45

Health: -8/26      AC:  4    Str:  7    XL:     4   Next: 61%
Magic:  4/4        EV: 13    Int: 16    God:
Gold:   49         SH:  0    Dex: 19    Spells: 3/3 levels left

rFire   . . .        a - +2 dagger
rCold   . . .        (no shield)
rNeg    . . .        l - +0 leather armour
rPois   .            (no helmet)
rElec   .            c - +0 cloak
rCorr   .            (no gloves)
SInv    .            (no boots)
Will    .....        (no amulet)
Stlth   +++++        (no ring)
HPRegen 0.24/turn    (no ring)
MPRegen 0.09/turn

%: no passive effects
@: no status effects
A: small, no large weapons, nightstalker 3, thin skeletal structure 1, clever 1
a: no special abilities


You were on level 2 of the Dungeon.
You visited 1 branch of the dungeon, and saw 2 of its levels.

You collected 49 gold pieces.


Innate Abilities, Weirdness & Mutations

You are small and have problems with some larger weapons.
You are completely attuned to the shadows.
You have a somewhat thin skeletal structure. (Dex +2, Stealth+)
Your mind is acute. (Int +4, Str/Dex -1)


   Skills:
 - Level 2.1 Fighting
 * Level 5.1 Short Blades
 - Level 2.1 Throwing
 - Level 1.2 Dodging
 + Level 6.2 Stealth


You had 3 spell levels left.
You didn't know any spells.
Your spell library was empty.

Inventory:

Hand Weapons
 a - a +2 dagger (weapon)
Missiles
 d - 5 poisoned darts (quivered)
 e - 3 curare-tipped darts {=f}
Armour
 c - a +0 cloak (worn)
 l - a +0 leather armour (worn)
Scrolls
 f - a scroll of enchant armour {unknown}
 g - a scroll of identify {unknown}
 j - a scroll of amnesia {unknown}
 k - a scroll of blinking {unknown}
Potions
 b - a potion of might {unknown}

Dungeon Overview and Level Annotations

Branches:
Dungeon (2/15)

Altars:

>...#.....# ###..P#
.......#### #..g.+
.....>######## #...P#
....#........# #(#..#
#####.######.#
#g#..#### #.# #.#
#(#.###.# #.# #.#
#g#.#.#.# #.#
##.####g#†..#.### #.#
#.....@.###.....# ####
#.#####.###########.#†#
#...
#...................#.#
#.##
#####################.#
#.#< #.# #.#. #.# #.#.
#)####.## #......#
########


You could see 2 gnolls and a hobgoblin.


Message History

The gnoll attacks as you move away! The gnoll hits you with a +0 flail.
Things that are here:
a +0 dagger; a goblin corpse You throw a poisoned dart.
The poisoned dart barely misses the gnoll.
The poisoned dart closely misses the hobgoblin.
The poisoned dart hits the gnoll.
The gnoll is poisoned.
The gnoll barely misses you.
You throw a poisoned dart.
The poisoned dart closely misses the gnoll.
The poisoned dart hits the hobgoblin.
The gnoll hits you with a +0 flail!
You throw a poisoned dart. The poisoned dart hits the gnoll.
The gnoll is poisoned.
You throw a poisoned dart. The poisoned dart hits the gnoll.
The gnoll looks even sicker.
The gnoll closely misses you.
You hit the gnoll.
The gnoll is lightly wounded.
The gnoll barely misses you.
You barely miss the gnoll.
The gnoll is lightly wounded.
The gnoll completely misses you.
You hit the gnoll but do no damage.
The gnoll is lightly wounded.
You hit the gnoll.
The gnoll is moderately wounded.
The gnoll looks more healthy.
The gnoll hits you with a +0 flail!
* * * LOW HITPOINT WARNING * * *
The gnoll attacks as you move away! The gnoll hits you with a +0 flail!
Ouch! That really hurt!
You die...

Skill      XL: |  1  2  3  4 |
---------------+-------------+-----
Short Blades   | 3 4 5 |  5.1
Stealth        | 6 |  6.2
Fighting       | |  2.1
Throwing       | |  2.1
Dodging        | |  1.2

Action                     |  1- 3 |  4- 6 || total
---------------------------+-------+-------++-------
  Melee: Dagger            |    73 |    26 ||    99
         Punch             |     2 |       ||     2
  Throw: Dart              |     1 |     4 ||     5
    Use: Potion            |       |     2 ||     2
   Stab: Sleeping          |    14 |     6 ||    20
         Distracted        |     1 |       ||     1
 Armour: Robe              |     4 |       ||     4
         Leather armour    |     5 |     1 ||     6
  Dodge: Dodged            |    34 |     9 ||    43

Levels and vault maps discovered:
D:1:      tarquinn_simple_flora_water_f, layout_basic
D:2:      layout_basic, cheibrodos_gnoll_hut

Notes
Turn   | Place    | Note
-------+----------+-------------------------------------------
     0 | D:1      | Jackthecabe the Kobold Brigand began the quest for the Orb.
     0 | D:1      | Reached XP level 1. HP: 12/12 MP: 1/1
    60 | D:1      | Reached skill level 3 in Short Blades
   214 | D:1      | Reached XP level 2. HP: 17/17 MP: 2/2
   375 | D:1      | Reached XP level 3. HP: 21/21 MP: 3/3
   377 | D:1      | Reached skill level 4 in Short Blades
  1046 | D:2      | Reached skill level 6 in Stealth
  1046 | D:2      | Reached XP level 4. HP: 12/26 MP: 4/4
  1050 | D:2      | Gained mutation: You have a somewhat thin skeletal
                  | structure. (Dex +2, Stealth+) [potion of mutation]
  1050 | D:2      | Gained mutation: Your mind is acute. (Int +4, Str/Dex -1)
                  | [potion of mutation]
  1195 | D:2      | Reached skill level 5 in Short Blades
  1306 | D:2      | Mangled by a gnoll

Vanquished Creatures
  3 adders (D:2)
  A worm (D:2)
  3 dart slugs (D:1)
  An orc (D:2)
  3 endoplasms
  5 goblins
  2 hobgoblins
  4 jackals (D:1)
  3 quokkas
  6 ball pythons
  5 bats (D:1)
  3 frilled lizards
  A kobold (D:1)
  A rat (D:2)
41 creatures vanquished.

Table legend: (Time is in decaauts)
 A = Elapsed time spent in this place.
 B = Non-inter-level travel time spent in this place.
 C = Inter-level travel time spent in this place.
 D = Time resting spent in this place.
 E = Time spent auto-exploring this place.
 F = Levels seen in this place.
 G = Mean time per level.
                   A        B        C        D        E       F      G
               +--------+--------+--------+--------+--------+-----+--------+
         Total |   1284 |   1187 |     97 |      2 |    914 |   2 |  642.0 |
       Dungeon |   1284 |   1187 |     97 |      2 |    914 |   2 |  642.0 |
               +--------+--------+--------+--------+--------+-----+--------+

Top non-repeatable levels by time:
     D:1: 798 daAuts
     D:2: 486 daAuts

Table legend:
 A = Non-vault XP
 B = Vault XP
 C = Vault XP percentage of total XP
 D = Non-vault monster count
 E = Vault monster count
 F = Vault count percentage of total count
                 A         B        C        D         E       F
            +---------+---------+-------+---------+---------+-------
      Total |     112 |       0 |   0.0 |      41 |       0 |   0.0
            +---------+---------+-------+---------+---------+-------
        D:1 |      46 |       0 |   0.0 |      24 |       0 |   0.0
        D:2 |      66 |       0 |   0.0 |      17 |       0 |   0.0
            +---------+---------+-------+---------+---------+-------
